 Dungeon Crawl Stone Soup version 0.13.1-20-gf50ca03 (webtiles) character file.

1131 Nicoed the Shield-Bearer (level 7, -1/64 HPs)
             Began as a Deep Dwarf Fighter on Dec 30, 2013.
             Was an Initiate of Yredelemnul.
             Slain by a gnoll
             ... wielding a +1,+1 halberd of venom
              (6 damage)
             ... on Level 5 of the Dungeon.
             The game lasted 00:17:40 (2968 turns).

Nicoed the Shield-Bearer (Deep Dwarf Fighter)       Turns: 2968, Time: 00:17:44

HP  -1/64        AC 13     Str 21      XL: 7   Next: 88%
MP   6/6         EV  7     Int  9      God: Yredelemnul [......]
Gold 189         SH 23     Dex 12      Spells:  0 memorised,  6 levels left

Res.Fire  : . . .   See Invis. : .   a - +0 dwarf hand axe {=f}
Res.Cold  : + . .   Warding    : .   b - +0 dwarf scale mail
Life Prot.: . . .   Conserve   : .   c - +0 dwarf shield
Res.Poison: .       Res.Corr.  : .   x - +0 helmet (curse)
Res.Elec. : .       Clarity    : .   A - +0 cloak
Sust.Abil.: . .     Spirit.Shd : .   (no gloves)
Res.Mut.  : .       Stasis     : +   w - +1 pair of boots "Keurch" {rC+ Acc+4}
Res.Rott. : .       Flight     : .   r - amulet of stasis
Saprovore : . . .                    (no ring)
                                     (no ring)

@: non-regenerating, extremely poisoned, somewhat resistant to hostile
enchantments, extremely unstealthy
A: damage resistance, recharge devices, sense surroundings 1, slow healing 3
a: Device Recharging, Renounce Religion


You were on level 5 of the Dungeon.
You worshipped Yredelemnul.
Yredelemnul was noncommittal.
You were not hungry.

You visited 2 branches of the dungeon, and saw 5 of its levels.

You collected 169 gold pieces.

Inventory:

Hand weapons
 a - a +0,+0 dwarven hand axe (weapon) {=f}
Armour
 b - a +0 dwarven scale mail (worn)
 c - a +0 dwarven shield (worn)
 w - the +1 pair of boots "Keurch" (worn) {rC+ Acc+4}
   (You found it on level 4 of the Dungeon)

   It affects your accuracy (+4).
   It protects you from cold.
 x - a cursed +0 helmet (worn)
 A - a +0 cloak (worn)
Magical devices
 d - a wand of heal wounds (0)
 o - a wand of frost (13)
 v - a wand of slowing (7) {unknown}
 z - a wand of polymorph (6)
Comestibles
 g - 2 meat rations
 u - 2 bread rations
Scrolls
 f - a scroll of magic mapping {unknown}
 k - a scroll of teleportation {unknown}
 l - 2 scrolls of amnesia
 m - 2 scrolls of remove curse
 n - a scroll of identify
 q - a scroll of curse weapon
 t - 3 scrolls of enchant weapon I
 y - a scroll of recharging {unknown}
 B - a scroll of blinking {unknown}
 C - 2 scrolls of curse armour {unknown}
Jewellery
 r - an amulet of stasis (around neck)
Potions
 h - a potion of speed {unknown}
 i - a potion of mutation {unknown}
 j - a potion of curing
 p - a potion of restore abilities
 s - a potion of confusion {unknown}
 D - a potion of poison {unknown}
 E - a potion of heal wounds


   Skills:
 + Level 3.6 Fighting
 + Level 4.4 Axes
 + Level 5.7 Armour
 + Level 4.9 Dodging
 + Level 1.1 Stealth
 + Level 5.7 Shields
 + Level 1.1 Evocations


You had 6 spell levels left.
You didn't know any spells.

Dungeon Overview and Level Annotations

Branches:
Dungeon (5/27)             Temple (1/1) D:5

Altars:
Cheibriados
Elyvilon
Fedhas
Nemelex Xobeh
Okawaru
Sif Muna
Trog
Vehumet
Xom
Yredelemnul
Zin
the Shining One

Shops:
D:4 *


Innate Abilities, Weirdness & Mutations

You are resistant to damage.
You can recharge devices by infusing magical energy.
You passively map a small area around you.
You do not heal naturally.


Message History

The gnoll wields a halberd of venom.
It begins to drip with poison!
You closely miss the gnoll. You block the gnoll's attack.
The gnoll picks up an uncursed spear.
You block the gnoll's attack.
You barely miss the gnoll. The gnoll hits you but does no damage.
The gnoll barely misses you. You block the gnoll's attack.
You hit the gnoll.
The gnoll is moderately wounded.
* * * LOW HITPOINT WARNING * * *
You feel extremely sick. You block the gnoll's attack.
The gnoll barely misses you.
You are too injured to fight recklessly!
You are too injured to fight recklessly!
Your amulet of stasis gives you a mild electric shock.
It was a potion of paralysis.
* * * LOW HITPOINT WARNING * * *
You feel extremely sick. You block the gnoll's attack.
The gnoll hits you with a halberd of venom!
You die...
Your body rises from the dead as a mindless zombie.

#............#........####
#..........###........#
#..........# #........#
#..........# #####'####
#######.#### #(.# #.# ##.#
#.# #.# #.#### ###.###
#..@.# #.....#
########g######.....#
#.......g.#.........#
#..%...$..+.###....%###
#.........# #.......##
*.........# #.....#...
.........# #.....####
.........# ###.###
*#....#### ##..#


You could see 2 gnolls.

Vanquished Creatures
  Menkaure (D:5)
  3 phantoms
  A giant frog (D:4)
  An iguana (D:4)
  2 hounds
  Crazy Yiuf (D:4)
  A gnoll shaman (D:5)
  2 scorpions
  5 worker ants (D:4)
  6 gnolls
  6 adders
  An adder skeleton (D:4)
  A giant eyeball (D:5)
  A giant gecko (D:4)
  2 oozes (D:1)
  4 orcs (D:4)
  A ball python (D:1)
  7 goblins
  6 hobgoblins
  8 jackals (D:1)
  5 kobolds
  6 bats
  4 giant cockroaches
  3 giant newts (D:1)
  4 rats
  4 fungi (D:4)
86 creatures vanquished.

Notes
Turn   | Place    | Note
--------------------------------------------------------------
     0 | D:1      | Nicoed, the Deep Dwarf Fighter, began the quest for the Orb.
     0 | D:1      | Reached XP level 1. HP: 21/21 MP: 0/0
    55 | D:1      | Reached XP level 2. HP: 26/28 MP: 1/1
   603 | D:1      | Reached XP level 3. HP: 27/36 MP: 2/2
  1065 | D:2      | Reached skill level 1 in Dodging
  1076 | D:2      | You fall through a shaft!
  1084 | D:4      | Noticed a phantom
  1155 | D:4      | Killed a phantom
  1155 | D:4      | Reached skill level 4 in Armour
  1155 | D:4      | Reached XP level 4. HP: 43/43 MP: 3/3
  1169 | D:4      | Reached XP level 5. HP: 49/49 MP: 4/4
  1186 | D:4      | Reached skill level 1 in Stealth
  1241 | D:4      | Noticed a phantom
  1295 | D:4      | Found Lyacyi's General Store.
  1296 | D:4      | Killed a phantom
  1296 | D:4      | Reached XP level 6. HP: 26/57 MP: 5/5
  1426 | D:4      | Reached skill level 5 in Shields
  1476 | D:4      | Noticed a giant frog
  1506 | D:4      | Reached skill level 5 in Armour
  1524 | D:4      | Killed a giant frog
  1524 | D:4      | Reached XP level 7. HP: 22/63 MP: 6/6
  1853 | D:4      | Got a pair of encrusted boots
  1856 | D:4      | Identified the cursed +1 pair of boots "Keurch" {rC+ Acc+4} (You found it on level 4 of the Dungeon)
  1961 | D:4      | Noticed Crazy Yiuf
  1970 | D:4      | Killed Crazy Yiuf
  2255 | D:5      | Entered Level 5 of the Dungeon
  2403 | D:5      | Found a staircase to the Ecumenical Temple.
  2414 | Temple   | Entered the Ecumenical Temple
  2469 | Temple   | Became a worshipper of Yredelemnul the Dark
  2651 | D:5      | Noticed Menkaure
  2673 | D:5      | Killed Menkaure
  2673 | D:5      | Reached skill level 1 in Evocations
  2968 | D:5      | Slain by a gnoll

Action                   |  1- 3 |  4- 6 |  7- 9 || total
-------------------------+-------+-------+-------++-------
Melee: Hand axe          |   127 |   146 |   148 ||   421
       Unarmed           |       |       |     7 ||     7
 Abil: Device Recharging |       |       |     1 ||     1
Evoke: Wand              |     1 |     2 |     9 ||    12
  Use: Potion            |       |       |     5 ||     5
       Scroll            |       |       |     4 ||     4
